 Dungeon Crawl Stone Soup version 0.30.1-4-g462c640d31 (webtiles) character file.

Game seed: 14252932333519945905

32 rvierbuc the Conjurer (level 2, -4/20 HPs)
             Began as a Demigod Conjurer on Aug 20, 2023.
             Slain by Terence
             ... wielding a +0 hand axe
              (8 damage)
             ... on level 1 of the Dungeon.
             The game lasted 00:03:30 (1455 turns).

rvierbuc the Conjurer (Demigod Conjurer)            Turns: 1455, Time: 00:03:31

Health: -4/20      AC:  2    Str:  8    XL:     2   Next: 93%
Magic:  7/7        EV: 12    Int: 20    God:
Gold:   63         SH:  0    Dex: 12    Spells: 4/5 levels left

rFire   . . .        f - +0 trident (flame)
rCold   . . .        (no shield)
rNeg    . . .        a - +0 robe
rPois   .            (no helmet)
rElec   .            (no cloak)
rCorr   .            (no gloves)
SInv    .            (no boots)
Will    .....        (no amulet)
Stlth   ++           (no ring)
HPRegen 0.23/turn    (no ring)
MPRegen 0.10/turn

%: no passive effects
@: no status effects
A: high MP 1, forlorn, divine attributes
a: no special abilities


You were on level 1 of the Dungeon.
You visited 1 branch of the dungeon, and saw 2 of its levels.

You collected 63 gold pieces.

Inventory:

Hand Weapons
 f - a +0 trident of flaming (weapon)
Armour
 a - a +0 robe (worn)
 e - a scarf of shadows
Jewellery
 c - a ring of protection from fire
Potions
 b - a potion of magic
 g - a potion of invisibility
 i - a potion of lignification {unknown}
 k - a potion of curing {unknown}
 l - a potion of berserk rage {unknown}


   Skills:
 + Level 2.0 Dodging
 + Level 1.8 Stealth
 + Level 2.0 Spellcasting
 + Level 4.2 Conjurations


You had 4 spell levels left.
You knew the following spells:

 Your Spells              Type           Power      Damage    Failure   Level
a - Magic Dart            Conj           76%        1d6       2%          1

Your spell library contained the following spells:

 Spells                   Type           Power      Damage    Failure   Level
 Searing Ray              Conj           38%        2d5       4%          2
 Foxfire                  Conj/Fire      40%        2x1d6     7%          1
 Dazzling Flash           Conj/Hex       20%        N/A       21%         3
 Fulminant Prism          Conj/Hex       5%         3d7       54%         4
 Iskenderun's Mystic Bla  Conj/Tloc      10%        2d4       54%         4
 Fireball                 Conj/Fire      5%         3d5       88%         5
 Plasma Beam              Fire/Air       1%         2x1d12    100%        6
 Starburst                Conj/Fire      5%         6d4       100%        6


Dungeon Overview and Level Annotations

Branches:
Dungeon (2/15)

Shops:
D:1 :

Annotations:
D:1 Terence


Innate Abilities, Weirdness & Mutations

You have an increased reservoir of magic. (+10% MP)
You shall have no god before yourself.
Your divine heritage dramatically boosts your attributes as you level up.


Message History

Done exploring.
Done exploring.
(D) Dungeon
Where to? (? - help)
There is a stone staircase leading down here.
You climb downwards.
There is a stone staircase leading up here.
Blink to where?
Press: ? - help, Dir - move target
As you read the scroll labelled DYOTZO XODOTUE, it crumbles to dust.
It was a scroll of blinking.
As you read the scroll labelled CESTISHR HEMUE, it crumbles to dust.
It is a scroll of identify.
g - a potion of invisibility
As you read the scroll labelled VISOLU KERGHYER, it crumbles to dust.
It is a scroll of brand weapon.
Your +0 trident is engulfed in flames!
f - a +0 trident of flaming (weapon)
Found an escape hatch in the ceiling.
Terence the Incautious comes into view.
He is wielding a +0 hand axe.
Terence is nearby!
Terence shouts!
You barely miss Terence. Terence hits you with a +0 hand axe!
Casting: Magic Dart (safe; 2% risk of failure)
Confirm with . or Enter, or press ? or * to list all spells.
You don't know that spell.
Terence attacks as you move away! Terence hits you with a +0 hand axe!
* * * LOW HITPOINT WARNING * * *
Casting: Magic Dart (safe; 2% risk of failure)
Confirm with . or Enter, or press ? or * to list all spells.
Okay, then.
You aren't carrying any scrolls.
There is a stone staircase leading up here.
Terence hits you with a +0 hand axe.
* * * LOW HITPOINT WARNING * * *
You climb upwards.
There is a stone staircase leading down here.
Terence attacks as you move away! Terence misses you.
Terence attacks as you move away! Terence hits you with a +0 hand axe!
You die...

# #.'[...# #.# #.#.......#.## #
###....# #.# ##.#.......#.##
######...)####.# ##..#.......#.#
...............# #...#.......#.#
##########..######.#.#...#...#.#
................#..#.#.###.....#
#......######.....##.#.........#
#......# #..@####.#####.....##
.......# #...@..#....÷....#...
#......# #......########...###
#......# #....................
#......# #......########...###
#......# #.....[###.#.........
###.####
#######.......########## #
#.######.'.~~##.####.# #
#........#♣.~##.# #.# #
########.##.~~#.# #.#


You could see Terence.

Vanquished Creatures
  2 dart slugs (D:1)
  A ball python (D:1)
  3 endoplasms (D:1)
  A giant cockroach (D:1)
  2 goblins (D:1)
  2 hobgoblins (D:1)
  6 jackals (D:1)
  A bat (D:1)
  A frilled lizard (D:1)
  5 kobolds (D:1)
24 creatures vanquished.

Notes
Turn   | Place    | Note
-------+----------+-------------------------------------------
     0 | D:1      | rvierbuc the Demigod Conjurer began the quest for the Orb.
     0 | D:1      | Reached XP level 1. HP: 14/14 MP: 5/5
   396 | D:1      | Found Walacofa's Book Shoppe.
   506 | D:1      | Reached XP level 2. HP: 19/20 MP: 1/7
   666 | D:1      | Reached skill level 4 in Conjurations
  1441 | D:2      | Noticed Terence
  1455 | D:1      | Slain by Terence

Illustrated notes

Levels and vault maps discovered:
D:1:      ncdulo_watergridlock, layout_basic, serial_shops,
          nicolae_shop_real_fake_doors, kennysheep_nondescript
D:2:      layout_basic, uniq_natasha, uniq_terence

Skill      XL: |  1  2 |
---------------+-------+-----
Spellcasting   | 2 |  2.0
Conjurations   | 4 |  4.2
Dodging        | 2 |  2.0
Stealth        | |  1.8

Action                     || total
---------------------------++-------
  Melee: Trident           ||     9
   Cast: Magic Dart        ||    51
    Use: Scroll            ||     3
 Armour: Robe              ||     1
  Dodge: Dodged            ||     9
